AoeStats
← Vinz Clortho

Enclosed

504361369Analyzed
1v1 RM · 26d ago on Sep 5, 2026· 40m 27s· 2 players
Game mode
Random Map
Map size
Tiny (2 player)
Population
200
Speed
Normal
Resources
Standard
Victory
Conquest
Starting age
Dark Age
Ending age
Imperial Age
RankedLock teamsTeams togetherTeam positionsShared explorationLock speedFull tech treeHidden civsTurbo modeCheats
Victory
Defeat
🇺🇸 Vikings · United States
863
+42
🇫🇷 Romans · France
901
-18
Vinz Clortho
3:19 Loom
12:41 Feudal Age
17:58 Double-Bit Axe
17:58 Horse Collar
24:06 Castle Age
23:13 Scale Mail Armor
23:25 Forging
23:18 Man-at-Arms
25:19 Squires
26:04 Iron Casting
25:44 Chain Mail Armor
30:35 Pikeman
31:58 Chieftains
Jourjaque
11:41 Feudal Age
11:47 Man-at-Arms
12:18 Double-Bit Axe
15:40 Scale Mail Armor
15:29 Loom
20:55 Castle Age
19:20 Bloodlines
20:38 Horse Collar
20:54 Gold Mining
22:43 Bow Saw
24:56 Scale Barding Armor
28:13 Wheelbarrow
32:24 Imperial Age
30:01 Long Swordsman
30:42 Squires
32:34 Husbandry
32:54 Chain Mail Armor
34:41 Fletching
Connection lost

Rejoining the realm…

Still unreachable

The connection could not be restored.

Session expired

The server has moved on; the page needs a fresh start.